Map: Ephemeron LE

Players

Lobo

  • Race: Protoss Protoss
  • Spawn Location: 5:00

riddle (THERIDDLER) - Winner!

  • Race: Terran Terran
  • Spawn Location: 11:00

Event: NationWars 2019

VOD

Have the link to the VOD?

Description

Time

  • Played on: Oct. 5, 2019, 12:37 p.m.
  • Length: 11:48
Show
View Real Time Build Order
Export as new Build Order

Lobo Protoss 

Build Orders: Chargelot Immortal 

Get SALT Encoding   

  12  0:00  Probe  
  13  0:13  Probe  
  14  0:17  Pylon  
  14  0:25  Probe  
  15  0:36  Gateway  
  15  0:37  Probe (Chrono Boost)  
  16  0:47  Probe (Chrono Boost), Assimilator  
  17  0:52  Probe (Chrono Boost)  
  18  1:03  Probe  
  19  1:15  Probe  
  20  1:26  Cybernetics Core  
  20  1:28  Zealot  
  22  1:34  Probe  
  22  1:37  Pylon  
  22  1:38  Assimilator  
  23  1:55  Probe  
  23  2:00  Stalker (Chrono Boost)  
  24  2:04  Warp Gate  
  24  2:07  Probe  
  26  2:32  Robotics Facility  
  26  2:38  Probe  
  26  2:39  Pylon  
  27  2:47  Stalker  
  27  2:50  Probe  
  29  2:51  Nexus  
  29  3:02  Probe  
  30  3:18  Gateway  
  30  3:19  Gateway  
  29  3:28  Warp Prism (Chrono Boost)  
  31  3:34  Probe  
  32  3:46  Probe  
  33  3:53  Shield Battery  
  32  4:04  Probe  
  32  4:05  Probe  
  32  4:06  Stalker  
  36  4:20  Probe x2  
  36  4:21  Twilight Council  
  36  4:28  Observer (Chrono Boost)  
  37  4:32  Probe  
  37  4:33  Probe  
  39  4:44  Observer (Chrono Boost)  
  39  4:45  Probe x2  
  42  4:49  Blink (Chrono Boost)  
  42  4:57  Probe x2  
  44  5:01  Observer  
  45  5:09  Probe x2  
  45  5:11  Nexus  
  47  5:20  Pylon  
  47  5:21  Probe x2  
  49  5:33  Probe x2  
  51  5:42  Gateway, Forge  
  51  5:44  Gateway  
  51  5:45  Probe x2  
  53  5:57  Probe x2  
  55  6:05  Stalker x3  
  55  6:09  Pylon  
  61  6:11  Pylon  
  61  6:14  Gateway  
  61  6:17  Protoss Ground Armor Level 1  
  61  6:18  Gateway  
  61  6:20  Charge (Chrono Boost)  
  61  6:23  Gateway  
  61  6:27  Probe x3  
  61  6:30  Assimilator  
  64  6:38  Immortal  
  64  6:39  Sentry x2  
  72  6:46  Probe x3  
  75  6:52  Stalker x2  
  79  6:58  Probe x3  
  82  7:02  Sentry  
  82  7:07  Pylon  
  82  7:08  Pylon x2  
  84  7:10  Probe x3  
  87  7:19  Zealot x2  
  87  7:20  Zealot  
  92  7:26  Pylon  
  92  7:29  Zealot x4  
  100  7:40  Pylon x2  
  100  7:45  Probe x2, Immortal (Chrono Boost)  
  100  7:47  Pylon  
  106  7:52  Zealot x4  
  106  7:57  Stalker  
  106  7:58  Stalker  
  118  8:05  Zealot x2  
  118  8:12  Zealot  
  118  8:13  Zealot  
  94  8:27  Stalker  
  94  8:28  Stalker x5  
  88  8:37  Zealot x2  
  92  8:41  Immortal (Chrono Boost)  
  92  8:52  Zealot x2  
  92  8:53  Zealot x4  
  82  9:07  Zealot x2  
  74  9:13  Zealot x4  
  74  9:14  Zealot x2  
  80  9:25  Immortal (Chrono Boost)  
  84  9:32  Stalker x2  
  88  9:41  Stalker x2  
  88  9:43  Sentry x2  
  96  9:49  Nexus  
  96  9:50  Pylon  
  86  9:56  Zealot x4  
  84  10:10  Zealot x3  
  84  10:11  Zealot  
  82  10:21  Stalker x3  
  76  10:25  Immortal (Chrono Boost)  
  76  10:33  Zealot x4  
  76  10:42  Stalker  
  72  10:44  Stalker  
  72  10:45  Stalker x2  
  68  11:00  Immortal (Chrono Boost)  
Show
View Real Time Build Order
Export as new Build Order

riddle Terran - Winner!

Build Orders: Cyclone Opening 

Get SALT Encoding   

  12  0:00  SCV  
  13  0:12  SCV  
  14  0:19  Supply Depot  
  14  0:24  SCV  
  15  0:40  SCV  
  15  0:41  Barracks  
  16  0:46  Refinery  
  16  0:52  SCV  
  17  0:59  Refinery  
  17  1:04  SCV  
  18  1:16  SCV  
  19  1:29  Orbital Command  
  19  1:36  Supply Depot  
  19  1:37  Reaper  
  20  1:47  Factory  
  20  1:56  SCV  
  21  2:09  Reaper  
  21  2:12  Bunker  
  21  2:13  SCV  
  23  2:25  SCV  
  24  2:32  Factory Tech Lab  
  24  2:37  Starport  
  24  2:39  SCV  
  24  2:53  SCV  
  24  2:55  Cyclone  
  28  3:00  Supply Depot  
  28  3:06  Command Center  
  28  3:13  SCV  
  29  3:29  Siege Tank  
  29  3:30  Viking  
  29  3:32  SCV  
  35  3:42  Barracks  
  35  3:44  SCV  
  36  4:02  Siege Tank  
  39  4:18  SCV, Viking  
  39  4:20  Orbital Command  
  42  4:30  SCV  
  43  4:33  Barracks Reactor  
  43  4:35  Barracks Reactor, Siege Tank  
  46  4:42  SCV  
  47  4:47  Barracks, SCV, Supply Depot  
  48  4:53  Starport Tech Lab  
  48  4:54  SCV  
  48  4:56  Refinery  
  48  4:59  SCV  
  50  5:05  Supply Depot  
  50  5:06  SCV  
  51  5:11  SCV  
  51  5:12  Supply Depot, Marine x2  
  54  5:15  Raven  
  54  5:19  SCV  
  57  5:23  SCV  
  57  5:27  Stimpack  
  58  5:31  SCV  
  58  5:32  Marine  
  58  5:33  Marine  
  61  5:35  SCV  
  61  5:36  Barracks Tech Lab  
  62  5:43  SCV  
  62  5:48  SCV  
  64  5:50  Supply Depot  
  64  5:51  Marine  
  64  5:53  Marine x2  
  64  5:55  SCV  
  64  5:56  Combat Shield  
  68  5:57  Marauder  
  68  6:00  SCV  
  70  6:06  Engineering Bay, Supply Depot  
  70  6:09  Medivac  
  70  6:10  Medivac  
  70  6:11  Marine x2  
  75  6:14  Marauder  
  78  6:23  Supply Depot x2, Marauder  
  78  6:25  SCV  
  81  6:28  Marine  
  81  6:29  Marine  
  81  6:32  Siege Tank  
  86  6:39  Marauder  
  87  6:41  SCV x2  
  87  6:44  Marauder  
  87  6:46  Marine x2  
  93  6:51  Medivac  
  95  7:00  Command Center  
  95  7:04  Marauder, Marine x2  
  96  7:18  Marauder  
  96  7:19  SCV  
  99  7:23  Barracks, Terran Infantry Weapons Level 1  
  99  7:24  Barracks  
  99  7:26  Supply Depot, Refinery  
  99  7:28  Factory Reactor  
  99  7:29  Marauder, Marine  
  102  7:34  SCV x2  
  104  7:43  Marauder, Marine  
  104  7:44  Medivac  
  109  7:46  SCV  
  109  8:03  Bunker x2  
  109  8:04  Bunker  
  109  8:05  Marine x2  
  111  8:06  Marauder, Marine  
  111  8:12  Barracks Reactor  
  113  8:13  Orbital Command, Marauder  
  111  8:23  Marine x2  
  111  8:24  Marauder  
  107  8:27  Marauder  
  107  8:34  Marine  
  106  8:40  Marine x2, Widow Mine x2  
  113  8:42  Orbital Command  
  113  8:44  Liberator x2  
  113  8:46  Marauder  
  115  8:49  Marauder  
  115  8:51  Marine  
  109  8:58  Marine x2  
  109  9:02  Marine  
  105  9:07  Marauder  
  105  9:08  Marine  
  107  9:10  Marauder x2, Widow Mine x2  
  107  9:16  Marine  
  113  9:17  Terran Infantry Armor Level 1  
  110  9:27  Marine x2  
  110  9:28  Marine  
  110  9:29  Marauder  
  110  9:31  SCV x3, Marauder x2  
  120  9:34  Marine  
  123  9:41  Widow Mine x2  
  123  9:43  SCV x3  
  123  9:45  Marine x2  
  132  9:50  Marauder  
  133  9:53  Marauder  
  133  9:55  Marauder  
  133  9:56  Marine  
  130  10:01  Liberator x2, Supply Depot, Marine  
  130  10:03  Widow Mine  
  130  10:04  Supply Depot  
  117  10:07  Marine  
  117  10:10  Concussive Shells  
  117  10:11  Marauder, Marine  
  118  10:14  Marauder  
  118  10:17  Marauder  
  118  10:19  Widow Mine  
  115  10:22  Marine  
  115  10:26  Marine  
  114  10:33  Marauder  
  114  10:34  Engineering Bay, Armory, SCV x2  
  114  10:35  SCV, Marine, Refinery, Marauder  
  115  10:38  Marauder  
  114  10:45  Marine x2  
  114  10:46  SCV, Widow Mine x2  
  120  10:54  Marauder  
  120  10:55  Marine  
  123  10:57  Marauder  
  123  11:00  Marauder  
  123  11:01  Marine  
  123  11:03  Marine  
  128  11:07  Command Center  
  128  11:12  Refinery  
  126  11:16  Marauder  
  126  11:17  Fusion Core, Starport  
  126  11:18  Marauder  
  126  11:21  Marauder  
Tags
 
Add a new tag
Caveats
  • Supply blocks, unpowered buildings, or Contaminate may cause inaccurate times.
  • Supply counts are checked every 10 seconds.